 Dungeon Crawl Stone Soup version 0.30-a0-859-gf88a04b62d (webtiles) character file.

Game seed: 12907617128446996542

16650 112233 the Warrior (level 12, -17/214 HPs)
             Began as an Ogre Air Elementalist on Mar 6, 2023.
             Demolished by Rupert
             ... wielding a +2 great sword of freezing
              (38 damage)
             ... on level 14 of the Dungeon.
             The game lasted 00:32:54 (22658 turns).

112233 the Warrior (Ogre Air Elementalist)         Turns: 22658, Time: 00:32:55

Health: -17/214    AC: 30    Str: 15    XL:     12   Next: 39%
Magic:  3/29       EV:  1    Int: 20    God:
Gold:   823        SH:  0    Dex:  9    Spells: 27/38 levels left

rFire   . . .      SeeInvis .    I - +5 woodcutter's axe
rCold   . . .      Faith    .    (shield currently unavailable)
rNeg    . . .      Spirit   .    E - melded +2 robe {Will+}
rPois   +          Reflect  .    (helmet currently unavailable)
rElec   .          Rampage  .    F - melded +0 cloak
rCorr   .          NoTele   +    (gloves unavailable)
Will    +....                    (boots unavailable)
Stlth   +                        (no amulet)
HPRegen 0.55/turn                j - +4 ring of protection
MPRegen 0.21/turn                v - ring of wizardry

@: tree-form
A: stationary, stasis, torment immunity, boosted hp, large, unfitting armour,
(tough skin 1)
a: no special abilities


You were on level 14 of the Dungeon.
You were a tree.
You visited 1 branch of the dungeon, and saw 14 of its levels.
You also visited: Bailey.

You collected 868 gold pieces.
You spent 45 gold pieces at shops.

Inventory:

Hand Weapons
 f - a +0 club
 m - a +1 dagger of venom
 u - a +0 morningstar
 w - a +1 short sword of venom
 I - the +5 woodcutter's axe (weapon)
   (You took it off a gnoll on level 5 of the Dungeon)
 J - the +0 hand axe "Jielujow" {spect, rC- rCorr Str+4}
   (You found it on level 5 of the Dungeon)

   Str:       It affects your strength (+4).
   rC:        It makes you vulnerable to cold.
   rCorr:     It protects you from acid and corrosion.
 M - a +5 scimitar
Missiles
 e - 4 large rocks
 K - 3 throwing nets
Armour
 a - a +0 robe
 E - a +2 robe of willpower (melded)
 F - a +0 cloak (melded)
 P - the +0 fire dragon scales of Zin, Ageing {rPois rF++ rC- Dex+4}
   (You took it off an orc warrior in a bailey)

   Dex:       It affects your dexterity (+4).
   rF:        It greatly protects you from fire.
   rC:        It makes you vulnerable to cold.
   rPois:     It protects you from poison.
Jewellery
 j - a +4 ring of protection (left branch)
 k - a ring of resist corrosion
 r - a ring of ice
 v - a ring of wizardry (right branch)
 T - an amulet of reflection
 W - a ring of poison resistance
Wands
 C - a wand of flame (4)
 Q - a wand of paralysis (12)
 S - a wand of polymorph (5)
 U - a wand of roots (1)
Scrolls
 c - 3 scrolls of immolation
 d - a scroll of poison
 i - 2 scrolls of vulnerability
 o - 4 scrolls of magic mapping
 q - 2 scrolls of fog
 s - a scroll of blinking
 t - 2 scrolls of enchant armour {unknown}
 y - 8 scrolls of identify
 D - a scroll of noise {unknown}
 G - 2 scrolls of enchant weapon {unknown}
Potions
 b - a potion of cancellation {unknown}
 g - a potion of heal wounds
 l - a potion of degeneration
 n - 2 potions of ambrosia
 p - 2 potions of lignification
 x - 4 potions of flight
 z - 4 potions of attraction {unknown}
 A - 6 potions of curing
 H - 3 potions of haste
 L - 3 potions of berserk rage {unknown}
 N - a potion of resistance {unknown}
 O - a potion of mutation {unknown}
 V - a potion of brilliance {unknown}
Miscellaneous
 R - a tin of tremorstones (1/2)


   Skills:
 + Level 15.3 Fighting
 - Level 1.8 Dodging
 - Level 1.4 Stealth
 + Level 13.6 Spellcasting
 - Level 0.9 Conjurations
 + Level 9.8 Air Magic


You had 27 spell levels left.
You knew the following spells:

 Your Spells              Type           Power      Damage    Failure   Level
a - Shock                 Conj/Air       100%       1d9       1%          1
b - Static Discharge      Conj/Air       70%        2-5/arc   1%          2
c - Airstrike             Air            26%        2d(4-20)  1%          4
d - Apportation           Tloc           26%        N/A       1%          1
e - Swiftness             Air            52%        N/A       1%          3

Your spell library contained the following spells:

 Spells                   Type           Power      Damage    Failure   Level
 Necrotise                Necr           52%        1d6       1%          1
 Sandblast                Erth           26%        2d8       1%          1
 Summon Small Mammal      Summ           52%        N/A       1%          1
 Hailstorm                Conj/Ice       15%        3d5       4%          3
 Ice Form                 Ice/Tmut       13%        N/A       19%         4
 Simulacrum               Ice/Necr       6%         N/A       94%         6


Dungeon Overview and Level Annotations

Branches:
Dungeon (14/15)            Temple (0/1) D:4            Lair (0/5) D:11
    Orc (0/2) D:10         Bailey (visited)
 Vaults: D:13-14

Altars:

Shops:
D:4 [   D:5 [   D:11 [

Annotations:
D:3 exclusion: 2 downstairs
D:4 exclusion: 2 downstairs
D:6 exclusion: downstairs
D:13 exclusion: upstairs
D:14 Roxanne, Rupert


Innate Abilities, Weirdness & Mutations

You are a tree.
Your roots penetrate the ground, keeping you stationary.
You cannot be teleported.
You are immune to unholy pain and torment.
Your maximum health is greatly increased.
Your equipment is partially melded.
You are too large for most types of armour.
((You have tough skin. (AC +1)))


Message History

The vampire mosquito bites you but does no damage. x2
Unknown command.
Unknown command.
Aiming: Fastroot
Press: ? - help, Shift-Dir - straight line, f/p - vampire mosquito
Aim: a vampire mosquito (moderately damaged)
The roots erupt in riotous growth!
Roots grab the vampire mosquito. x3; Roots grab the red ugly thing.
The grasping roots constrict the red ugly thing.
You kill the red ugly thing!
The grasping roots constrict the vampire mosquito! x2
The grasping roots constrict the vampire mosquito.
Something hits you.
* * * LOW HITPOINT WARNING * * *
Something freezes you.
* * * LOW HITPOINT WARNING * * *
The vampire mosquito bites you.
* * * LOW HITPOINT WARNING * * *
The vampire mosquito draws strength from your injuries!
The vampire mosquito bites you.
* * * LOW HITPOINT WARNING * * *
The vampire mosquito draws strength from your injuries!
The vampire mosquito bites you but does no damage.
Something hits you!
* * * LOW HITPOINT WARNING * * *
Something freezes you.
* * * LOW HITPOINT WARNING * * *
Unknown command.
Unknown command.
Unknown command.
You feel much better.
The grasping roots constrict the vampire mosquito.
The grasping roots constrict the vampire mosquito!
The grasping roots constrict the vampire mosquito.
The roots release their grip on the vampire mosquito. x3
The vampire mosquito bites you but does no damage. x3
The vampire mosquito completely misses you.
The vampire mosquito bites you but does no damage. x2
Something hits you!!!
You die...

##.......##*,..,,,,,,,,,,
#.........###..,,,,,,,,,,
##...>..........,,,,,,,,,,
#...........8...,,,,,,,,,*
##.............,,,,,,,,,,,*
#........C...,,,,,,,,,,,,,*
##.........l#*,,,,,,,,,,,,,*
#.§.......yy#***,,,,,,,,,,,,
###.......y♣# **,,,,,,,,,,*,
#....†..{†# *,,,,,,,,,,***
##........# *,*,,,,,,,,* *
#........#**,*,,,,,,,** *
#........#*,,*,,,,,,** **
##.......#*,***,,,,,* *,
#....†..#*>* *,,,,** **,
##......#,** ****** *,,
#.....##,* *,,


You could see a cyclops, a basilisk and 3 vampire mosquitoes.

Vanquished Creatures
  Harold (D:9)
  A centaur warrior (D:13)
  4 two-headed ogres
  2 orc knights (Bailey)
  3 ugly things (D:14)
  Maurice (D:9)
  3 trolls
  A wraith (D:10)
  A water elemental (D:11)
  2 shadows
  12 yaks
  3 wyverns
  4 humans (D:13)
  5 steam dragons
  2 vampire mosquitoes (D:11)
  A water moccasin (D:9)
  Duvessa (D:5)
  4 black bears
  A sky beast (D:6)
  14 orc warriors
  An ice beast (D:5)
  3 ogres (D:10)
  3 centaurs
  4 kobold brigands
  5 gnoll sergeants
  5 bullfrogs
  8 scorpions
  7 wights
  Dowan (D:5)
  3 killer bees (D:10)
  3 electric eels
  8 howler monkeys
  3 jellies
  4 orc priests
  5 hounds
  3 gnoll boudas
  3 iguanas
  6 orc wizards
  18 gnolls
  10 adders
  A shadow imp (D:5)
  A white imp (D:7)
  An ufetubus (D:5)
  A worm (D:2)
  4 dart slugs
  54 orcs
  6 ball pythons
  5 bats
  9 endoplasms
  3 giant cockroaches
  4 goblins
  8 hobgoblins
  5 jackals
  19 kobolds
  A quokka (D:2)
  3 frilled lizards
  2 rats (D:2)
296 creatures vanquished.

Vanquished Creatures (others)
  A vault guard (D:13)
  A human (D:13)
  15 fungi
  12 plants
29 creatures vanquished.

Grand Total: 325 creatures vanquished

Notes
Turn   | Place    | Note
-------+----------+-------------------------------------------
     0 | D:1      | 112233 the Ogre Air Elementalist began the quest for the
                  | Orb.
     0 | D:1      | Reached XP level 1. HP: 16/16 MP: 3/3
   363 | D:1      | Reached XP level 2. HP: 24/24 MP: 3/6
   557 | D:1      | Found a faded altar of an unknown god.
   564 | D:1      | Got Plato's Precepts of Bedrock
   791 | D:2      | Reached XP level 3. HP: 31/31 MP: 2/8
   972 | D:2      | Reached skill level 1 in Fighting
  1151 | D:2      | Learned a level 2 spell: Static Discharge
  1380 | D:2      | Reached XP level 4. HP: 41/41 MP: 7/10
  1876 | D:3      | Reached skill level 2 in Fighting
  2387 | D:3      | Reached skill level 3 in Fighting
  2387 | D:3      | Reached XP level 5. HP: 14/53 MP: 8/12
  2654 | D:3      | Reached skill level 5 in Spellcasting
  3012 | D:4      | Noticed an orc warrior
  3348 | D:4      | Reached skill level 4 in Fighting
  3379 | D:4      | Reached XP level 6. HP: 15/62 MP: 6/14
  3574 | D:4      | Learned a level 4 spell: Airstrike
  3576 | D:4      | Learned a level 1 spell: Apportation
  3905 | D:4      | Found Nintaquh's Antique Armour Shop.
  3918 | D:4      | Reached skill level 5 in Fighting
  4150 | D:4      | You fall into a shaft and drop 2 floors!
  4200 | D:6      | Noticed a two-headed ogre
  4484 | D:6      | Reached XP level 7. HP: 58/74 MP: 3/16
  4931 | D:6      | Reached skill level 6 in Fighting
  5152 | D:5      | Entered Level 5 of the Dungeon
  5152 | D:5      | Noticed Duvessa
  5189 | D:5      | Killed Duvessa
  5289 | D:4      | Reached skill level 7 in Fighting
  5321 | D:4      | Found a staircase to the Ecumenical Temple.
  5607 | D:4      | Reached XP level 8. HP: 87/87 MP: 1/19
  6311 | D:5      | Noticed Dowan
  6352 | D:5      | Killed Dowan
  6353 | D:5      | Reached skill level 8 in Fighting
  6601 | D:5      | Found Uhosyuw's Armour Emporium.
  6636 | D:5      | Bought a +0 cloak for 45 gold pieces
  6829 | D:5      | Learned a level 3 spell: Swiftness
  8162 | D:5      | Reached skill level 9 in Fighting
  8970 | D:5      | Identified the +0 hand axe "Jielujow" {spect, rC- rCorr
                  | Str+4}
  9214 | D:6      | Reached XP level 9. HP: 100/100 MP: 5/22
 10811 | D:6      | Killed a two-headed ogre
 10812 | D:6      | Reached skill level 10 in Fighting
 10812 | D:6      | Reached skill level 5 in Air Magic
 11189 | D:6      | Reached skill level 10 in Spellcasting
 11896 | D:7      | Reached skill level 11 in Fighting
 12047 | D:7      | Reached XP level 10. HP: 113/113 MP: 19/24
 14080 | D:8      | Reached skill level 12 in Fighting
 14174 | D:8      | Noticed a two-headed ogre
 14224 | D:8      | Killed a two-headed ogre
 14961 | D:9      | Noticed Harold
 14975 | D:9      | Killed Harold
 14997 | D:10     | Entered Level 10 of the Dungeon
 15285 | D:9      | Reached XP level 11. HP: 114/126 MP: 2/26
 15442 | D:9      | Found a flagged portal.
 15451 | Bailey   | Entered a bailey
 15642 | Bailey   | Noticed an orc knight
 15854 | Bailey   | Reached skill level 13 in Fighting
 15854 | Bailey   | Noticed an orc knight
 15946 | Bailey   | Killed an orc knight
 16161 | Bailey   | Killed an orc knight
 16307 | Bailey   | Identified the +0 fire dragon scales of Zin, Ageing {rPois
                  | rF++ rC- Dex+4}
 16923 | D:9      | Noticed Maurice
 16926 | D:9      | Killed Maurice
 18763 | D:10     | Reached skill level 14 in Fighting
 19069 | D:10     | Found a staircase to the Orcish Mines.
 20920 | D:11     | Found Dunatho's Antique Armour Emporium.
 21066 | D:11     | Noticed a two-headed ogre
 21068 | D:11     | Killed a two-headed ogre
 21247 | D:11     | Reached XP level 12. HP: 140/140 MP: 5/29
 21699 | D:11     | Found a staircase to the Lair.
 22117 | D:12     | Noticed a two-headed ogre
 22121 | D:12     | Killed a two-headed ogre
 22389 | D:13     | Noticed a vault guard
 22389 | D:13     | Noticed a vault guard
 22403 | D:13     | Reached skill level 15 in Fighting
 22415 | D:13     | Noticed a centaur warrior
 22517 | D:13     | Killed a vault guard
 22612 | D:13     | Killed a centaur warrior
 22630 | D:14     | Noticed Rupert
 22645 | D:14     | Noticed Roxanne
 22657 | D:14     | HP: 8/214 [something (14)]
 22658 | D:14     | Demolished by Rupert

Illustrated notes

Levels and vault maps discovered:
D:1:      wander_arrival_chamber, layout_basic,
          shapermc_ecumenical_altar_rom_forum
D:2:      layout_basic, st_stairs_9, chequers_big_river
D:3:      layout_basic, corexii_item_surrounded_by_moat
D:4:      layout_cave_pools, minmay_temple_entry_statues, serial_shops,
          shop_statue, dreamdust_mushroom_princess
D:5:      minmay_recursive_quarters, layout_loops_ring, serial_shops,
          kennysheep_little_box, pf_guarded_unrand_woodcutter, uniq_duvessa
D:6:      layout_loops_corners
D:7:      layout_basic, hangedman_decor_points
D:8:      layout_loops_ring, minmay_misc_feat_alley, lightli_minifort
D:9:      layout_irregular_city, enter_bailey_2, minmay_strange_pillars,
          uniq_harold, uniq_maurice
D:10:     layout_loops_corners, kennysheep_orc_monster_closet_entryway
D:11:     layout_cave_pools, grunt_lair_entry_orc_guard_hut, serial_bayou,
          serial_bayou_shore_b, serial_bayou_shore_b, serial_bayou_pond_d,
          serial_bayou_shore_a, serial_shops, kennysheep_mini_moat
D:12:     layout_basic
D:13:     layout_long_grid, ximxim_vaults_locker_room
D:14:     layout_cave_pods, serial_shops, nicolae_shop_trees, uniq_roxanne,
          uniq_rupert

Skill      XL: |  1  2  3  4  5  6  7  8  9 10 11 12 |
---------------+-------------------------------------+-----
Spellcasting   | 3 4 5 6 7 9 10 11 13 | 13.6
Fighting       | 1 3 4 5 7 9 11 12 14 15 | 15.3
Air Magic      | 4 5 7 9 |  9.8
Dodging        | |  1.8
Stealth        | |  1.4
Conjurations   | |  0.9

Action                     |  1- 3 |  4- 6 |  7- 9 | 10-12 || total
---------------------------+-------+-------+-------+-------++-------
  Melee: Club              |     5 |       |       |       ||     5
         Unarmed           |     3 |       |       |       ||     3
         Morningstar       |       |    19 |    31 |       ||    50
         Battleaxe         |       |       |    18 |    61 ||    79
         Dagger            |       |       |       |     5 ||     5
   Cast: Shock             |    73 |   125 |     3 |     6 ||   207
         Static Discharge  |       |    17 |     7 |     4 ||    28
         Airstrike         |       |     2 |   140 |   289 ||   431
         Apportation       |       |       |       |     1 ||     1
         Swiftness         |       |       |       |     1 ||     1
  Evoke: Wand              |       |     1 |     2 |    12 ||    15
         Tin of tremorston |       |       |       |     1 ||     1
    Use: Scroll            |       |     9 |     5 |    14 ||    28
         Potion            |       |     1 |     5 |    10 ||    16
   Stab: Paralysed         |       |       |       |     3 ||     3
 Armour: Robe              |    12 |    21 |    35 |    65 ||   133
         Skin              |       |       |       |    64 ||    64
  Dodge: Dodged            |    12 |    42 |    58 |    71 ||   183

Table legend: (Time is in decaauts)
 A = Elapsed time spent in this place.
 B = Non-inter-level travel time spent in this place.
 C = Inter-level travel time spent in this place.
 D = Time resting spent in this place.
 E = Time spent auto-exploring this place.
 F = Levels seen in this place.
 G = Mean time per level.
                   A        B        C        D        E       F      G
               +--------+--------+--------+--------+--------+-----+--------+
         Total |  22713 |  21561 |   1152 |   6260 |  12929 |  15 | 1514.2 |
       Dungeon |  21758 |  20606 |   1152 |   6073 |  12277 |  14 | 1554.1 |
        Bailey |    954 |    954 |      0 |    187 |    652 |   1 |  954.0 |
               +--------+--------+--------+--------+--------+-----+--------+

Top non-repeatable levels by time:
    D:10: 3454 daAuts
     D:6: 3292 daAuts
     D:5: 3231 daAuts
     D:4: 1827 daAuts
     D:7: 1766 daAuts
     D:3: 1656 daAuts
     D:8: 1642 daAuts
     D:9: 1203 daAuts
    D:11: 1132 daAuts
     D:2: 1122 daAuts
  Bailey: 954 daAuts
     D:1: 705 daAuts
    D:12: 421 daAuts
    D:13: 270 daAuts
    D:14: 31 daAuts
